 Dungeon Crawl Stone Soup version 0.20.2-3-g29329e0561 (webtiles) character file.

112 Alfie the Skirmisher (level 4, -4/40 HPs)
             Began as a Hill Orc Fighter on Jan 15, 2024.
             Slain by an orc
             ... wielding a +0 trident
              (6 damage)
             ... on level 3 of the Dungeon.
             The game lasted 00:03:22 (1583 turns).

Alfie the Skirmisher (Hill Orc Fighter)             Turns: 1583, Time: 00:03:23

Health: -4/40      AC:  8    Str: 19    XL:     4   Next: 93%
Magic:  4/4        EV:  7    Int:  8    God:
Gold:   76         SH:  9    Dex: 10    Spells: 3/3 levels left

rFire    . . .     SeeInvis .   a - +0 rapier
rCold    . . .     Gourm    .   c - +0 shield
rNeg     . . .     Faith    .   b - +0 scale mail
rPois    .         Spirit   .   (no helmet)
rElec    .         Reflect  .   t - +0 cloak
rCorr    .         Harm     .   (no gloves)
MR       .....                  (no boots)
Stlth    ..........             (no amulet)
Regen    0.2/turn               (no ring)
MPRegen  0.1/turn               (no ring)

@: no status effects
A: no striking features
a: Convert to Beogh


You were on level 3 of the Dungeon.
You were not hungry.

You visited 1 branch of the dungeon, and saw 3 of its levels.

You collected 76 gold pieces.

Inventory:

Hand Weapons
 a - a +0 rapier (weapon)
Armour
 b - a +0 scale mail (worn)
 c - a +0 shield (worn)
 t - a +0 cloak (worn)
Jewellery
 e - an uncursed amulet of magic regeneration {unknown}
 g - an uncursed ring of positive energy {unknown}
Scrolls
 h - 3 scrolls of remove curse {unknown}
 i - a scroll of enchant weapon {unknown}
 j - 2 scrolls of identify {unknown}
 l - 3 scrolls of magic mapping {unknown}
 m - a scroll of amnesia {unknown}
 n - 2 scrolls of recharging {unknown}
 o - 2 scrolls of enchant armour {unknown}
 p - 2 scrolls of random uselessness {unknown}
 s - a scroll of teleportation {unknown}
Potions
 d - 2 potions of might
 k - a potion of curing {unknown}
Comestibles
 f - a bread ration
 q - a meat ration
 r - a royal jelly


   Skills:
 + Level 4.2 Fighting
 + Level 3.2 Short Blades
 + Level 3.7 Armour
 + Level 1.2 Dodging
 + Level 4.0 Shields


You had 3 spell levels left.
You didn't know any spells.

Dungeon Overview and Level Annotations

Branches:
Dungeon (3/15)

Altars:


Message History

You barely miss something. Something hits you but does no damage.
You block the orc's attack. The orc hits you but does no damage.
You closely miss something. You block something's attack.
The orc hits you from afar with a trident.
The orc barely misses you. Something hits you but does no damage.
You miss something. You block the orc's attack.
The orc hits you but does no damage.
You hear some strange, mumbled words.
A puff of flame appears from out of thin air!
The puff of flame hits you!
* * * LOW HITPOINT WARNING * * *
You barely miss something. The orc hits you but does no damage. x2
You hear some strange, mumbled words.
A puff of flame appears from out of thin air!
The puff of flame hits you!
* * * LOW HITPOINT WARNING * * *
The orc priest shouts, "Join the one true god or die!"
You closely miss something. The orc hits you but does no damage.
The orc hits you from afar with a trident.
You die...

#. .#
###.###########.######.#
.......................#
.##.....................
..#.............#.......
..#..........####......(
..#..........### o......
..##...........##oo.....
..##............@{lo....
#..............###o.....
#..............# .....
#....#.#####...# ....
......... ...... ...
####.###(...##### .#
....... .... #
.###.#.#.... ..# .#.#


You could see 2 orc priests, 3 orcs and a frilled lizard.

Vanquished Creatures
  3 adders
  2 worms
  2 dart slugs
  3 leopard geckos
  2 orcs (D:3)
  4 bats
  2 giant cockroaches (D:3)
  3 goblins
  10 hobgoblins
  13 jackals
  2 quokkas
  3 frilled lizards
  8 kobolds
  10 rats
67 creatures vanquished.

Notes
Turn   | Place    | Note
-------+----------+-------------------------------------------
     0 | D:1      | Alfie the Hill Orc Fighter began the quest for the Orb.
     0 | D:1      | Reached XP level 1. HP: 19/19 MP: 1/1
    72 | D:1      | Reached XP level 2. HP: 7/27 MP: 2/2
   306 | D:1      | Reached XP level 3. HP: 17/33 MP: 3/3
   794 | D:2      | Reached skill level 1 in Dodging
   794 | D:2      | Reached XP level 4. HP: 32/40 MP: 4/4
  1582 | D:3      | HP: 2/40 [something/puff of flame (6)]
  1583 | D:3      | Slain by an orc

Skill      XL: |  1  2  3  4 |
---------------+-------------+-----
Dodging        | 1 |  1.2
Short Blades   | 3 |  3.2
Fighting       | 4 |  4.2
Shields        | 4 |  4.0
Armour         | |  3.7

Action                   |  1- 3 |  4- 6 || total
-------------------------+-------+-------++-------
Melee: Rapier            |   118 |   126 ||   244
  Eat: Bread ration      |       |     1 ||     1
Armor: Scale mail        |    74 |    81 ||   155
Dodge: Dodged            |    43 |    38 ||    81
Block: Shield            |    76 |    99 ||   175
